 Dungeon Crawl Stone Soup version 0.24-a0-493-g7e4ddcd485 (webtiles) character file.

Game seed: 12130844157581229821

8 Azzok the Firebug (level 2, 18/19 HPs)
             Began as a Demonspawn Fire Elementalist on July 12, 2019.
             Quit the game on level 1 of the Dungeon.
             The game lasted 00:00:26 (272 turns).

Azzok the Firebug (Demonspawn Fire Elementalist)     Turns: 272, Time: 00:00:27

Health: 18/19      AC:  2    Str:  8    XL:     2   Next: 0%
Magic:  1/5        EV: 12    Int: 16    God:
Gold:   15         SH:  0    Dex: 13    Spells: 4/5 levels left

rFire    . . .     SeeInvis .   (no weapon)
rCold    + . .     Gourm    .   (no shield)
rNeg     . . .     Faith    .   a - +0 robe
rPois    .         Spirit   .   (no helmet)
rElec    .         Reflect  .   (no cloak)
rCorr    .         Harm     .   (no gloves)
MR       .....                  (no boots)
Stlth    ++........             (no amulet)
HPRegen  0.06/turn              (no ring)
MPRegen  0.09/turn              (no ring)

@: no status effects
A: cold resistance 1
a: no special abilities


You were on level 1 of the Dungeon.
You were not hungry.

You visited 1 branch of the dungeon, and saw 1 of its levels.

You collected 15 gold pieces.

Inventory:

Armour
 a - a +0 robe (worn)
Scrolls
 d - a scroll of identify {unknown}
Potions
 e - a potion of invisibility {unknown}
Comestibles
 b - a chunk of flesh
 c - a ration


   Skills:
 - Level 1.7 Dodging
 - Level 1.7 Stealth
 + Level 2.2 Spellcasting
 + Level 1.4 Conjurations
 + Level 2.9 Fire Magic


You had 4 spell levels left.
You knew the following spells:

 Your Spells              Type           Power        Failure   Level  Hunger
a - Flame Tongue          Conj/Fire      #....        9%          1    #......

Your spell library contained the following spells:

 Spells                   Type           Power        Failure   Level  Hunger
 Throw Flame              Conj/Fire      #.....       13%         2    ###....
 Conjure Flame            Conj/Fire      #.......     26%         3    ###....
 Inner Flame              Hex/Fire       #.......     32%         3    ###....
 Sticky Flame             Conj/Fire      #.......     63%         4    #####..
 Fireball                 Conj/Fire      #.........   93%         5    ######.


Dungeon Overview and Level Annotations

Branches:
Dungeon (1/15)

Altars:


Innate Abilities, Weirdness & Mutations

Your flesh is cold resistant. (rC+)


Message History

Aiming: Flame Tongue (safe; 9% risk of failure)
Press: ? - help, Shift-Dir - straight line, f - jackal
Aim: a jackal (resting)
The flame tongue hits the jackal.
The jackal is severely wounded.
Things that are here:
14 stones; a jackal corpse The jackal bites you.
Casting: Flame Tongue (safe; 9% risk of failure)
Confirm with . or Enter, or press ? or * to list all spells.
Aiming: Flame Tongue (safe; 9% risk of failure)
Press: ? - help, Shift-Dir - straight line, f/p - jackal
Aim: a jackal (severely wounded)
The flame tongue hits the jackal.
You kill the jackal!
You have reached level 2!
Your demonic ancestry asserts itself...
You feel resistant to cold.
You see here a bat skeleton.
Are you sure you want to abandon this character and quit the game? (Confirm with "yes".)

▒▒▒▒·▒▒▒·▒▒ ▒·········▒▒ ▒▒▒▒
▒ ▒·▒········▒ ···▒
▒·▒▒·▒··▒▒····· ▒▒·▒
▒····(··▒ ▒▒▒ ▒·▒ ▒▒▒▒·▒·▒▒
▒▒·▒ ▒▒▒▒▒▒▒▒▒▒▒·▒$··
▒··▒▒▒·········▒÷▒▒▒▒▒▒╬▒▒
····▒▒·▒▒▒▒▒▒▒·▒@▒▒▒▒▒···▒▒
▒····▒·▒ ▒▒▒▒▒·▒··▒·▒·····▒▒
▒▒▒··▒·▒▒▒·······▒·▒·▒·····▒▒
▒▒▒▒···········▒▒·▒·▒···[···▒
P▒▒▒▒)···········▒···▒······╬
♣P▒ ▒···▒▒·▒······▒)▒·······▒
··▒ ▒··········▒·▒·▒·▒·····▒▒
▒╬▒ ▒·▒·▒▒·▒·▒▒▒··▒·······▒▒
▒···▒▒·▒·▒ ▒▒▒▒······▒▒


There were no monsters in sight!

Vanquished Creatures
  2 goblins (D:1)
  2 jackals (D:1)
  A bat (D:1)
  2 kobolds (D:1)
  A rat (D:1)
8 creatures vanquished.

Notes
Turn   | Place    | Note
-------+----------+-------------------------------------------
     0 | D:1      | Azzok the Demonspawn Fire Elementalist began the quest for
                  | the Orb.
     0 | D:1      | Reached XP level 1. HP: 13/13 MP: 3/3
   269 | D:1      | Gained mutation: Your flesh is cold resistant. (rC+)
                  | [demonic ancestry]
   269 | D:1      | Reached XP level 2. HP: 18/19 MP: 1/5
   272 | D:1      | Quit the game

Levels and vault maps discovered:
D:1:      denvon_arrival_planthouse, layout_loops_corners, minmay_tiny_reverse_x

Action                   || total
-------------------------++-------
 Cast: Flame Tongue      ||    11
Dodge: Dodged            ||     4

Table legend:
 A = Non-vault XP
 B = Vault XP
 C = Vault XP percentage of total XP
 D = Non-vault monster count
 E = Vault monster count
 F = Vault count percentage of total count
                 A         B        C        D         E       F
            +---------+---------+-------+---------+---------+-------
      Total |      10 |       2 |  16.7 |       6 |       2 |  25.0
            +---------+---------+-------+---------+---------+-------
        D:1 |      10 |       2 |  16.7 |       6 |       2 |  25.0
            +---------+---------+-------+---------+---------+-------
